 Dungeon Crawl Stone Soup version 0.31-a0-23-gcbde74481b (webtiles) character file.

Game seed: 12446486583071895938

75966 Moonkey the Eclecticist (level 15, -6/92 HPs)
             Began as a Deep Elf Conjurer on May 9, 2023.
             Was a High Priest of Vehumet.
             Killed by the air
             ... invoked by a wind drake
              (29 damage)
             ... on level 2 of the Shoals on May 13, 2023.
             The game lasted 02:10:12 (32414 turns).

Moonkey the Eclecticist (Deep Elf Conjurer)        Turns: 32414, Time: 02:10:13

Health: -6/92      AC:  7    Str:  4    XL:     15   Next: 11%
Magic:  5/33       EV: 13    Int: 37    God:    Vehumet [*****.]
Gold:   992        SH: 15    Dex: 16    Spells: 33/45 levels left

rFire   + + +        s - staff of fire "Nadwiymp" {rF+ rC+ Dex+3 SInv}
rCold   + + +        X - +2 kite shield {rC+}
rNeg    . . .        W - +2 robe {rC+ rF+}
rPois   .            E - +0 helmet
rElec   .            F - scarf {rC+ rF+}
rCorr   .            Q - +0 pair of gloves
SInv    +            (no boots)
Will    +....        n - amulet of reflection
Stlth   +++++        M - +6 ring of intelligence
HPRegen 0.35/turn    a - ring "Wedolees" {Fly rF+ Will+}
MPRegen 0.23/turn

%: reflection
@: weak-willed, flying
A: low MP 1
a: Renounce Religion


You were on level 2 of the Shoals.
You worshipped Vehumet.
Vehumet was extremely pleased with you.
You visited 4 branches of the dungeon, and saw 22 of its levels.
You also visited: Ice Cave.

You collected 1655 gold pieces.
You spent 663 gold pieces at shops.

Inventory:

Armour
 E - a +0 helmet (worn)
 F - a scarf of resistance (worn)
 Q - a +0 pair of gloves (worn)
 W - a +2 robe of resistance (worn)
 X - a +2 kite shield of cold resistance (worn)
Magical Staves
 s - the staff of fire "Nadwiymp" (weapon) {rF+ rC+ Dex+3 SInv}
   (You acquired it on level 5 of the Lair of Beasts)

   [staff of fire]

   Base accuracy: +5 Base damage: 5 Base attack delay: 1.2 This weapon's minimum
   attack delay (0.6) is reached at skill level 12.
   Dex:       It affects your dexterity (+3).
   rF:        It protects you from fire.
   rC:        It protects you from cold.
   SInv:      It lets you see invisible.
   It falls into the 'Staves' category.
   It is a one-handed weapon.
 v - a staff of death
 y - a staff of cold
Jewellery
 a - the ring "Wedolees" (right hand) {Fly rF+ Will+}
   (You found it in an ice cave)

   [ring of flight]

   rF:        It protects you from fire.
   Fly:       It grants you flight.
   Will:      It increases your willpower.
 l - an amulet of the acrobat
 n - an amulet of reflection (around neck)
 A - a ring of willpower
 C - a +6 ring of strength
 G - a ring of resist corrosion
 M - a +6 ring of intelligence (left hand)
 R - a ring of willpower
 U - a ring of wizardry
Wands
 t - a wand of digging (5)
 O - a wand of flame (50)
Scrolls
 d - 4 scrolls of amnesia
 f - 7 scrolls of teleportation
 g - 2 scrolls of fog
 i - 6 scrolls of magic mapping
 p - 2 scrolls of enchant armour
 u - a scroll of silence
 w - 2 scrolls of poison
 T - a scroll of butterflies
 V - 6 scrolls of identify
Potions
 b - 3 potions of magic
 c - 9 potions of curing
 e - 6 potions of haste
 j - a potion of brilliance
 m - 8 potions of flight
 o - 8 potions of mutation
 r - a potion of berserk rage
 x - a potion of might
 B - 10 potions of ambrosia
 H - 4 potions of cancellation


   Skills:
 * Level 10.2 Fighting
 * Level 7.6 Armour
 + Level 10.5 Dodging
 + Level 11.3 Stealth
 * Level 1.5 Shields
 * Level 15.6 Spellcasting
 * Level 13.9 Conjurations
 - Level 7.0 Translocations
 * Level 8.2 Fire Magic


You had 33 spell levels left.
You knew the following spells:

 Your Spells              Type           Power      Damage    Failure   Level
a - Magic Dart            Conj           100%       1d8       1%          1
b - Searing Ray           Conj           100%       2d8       1%          2
c - Iskenderun's Mystic   Conj/Tloc      82%        2d16      1%          4
d - Fireball              Conj/Fire      52%        3d20      1%          5

Your spell library contained the following spells:

 Spells                   Type           Power      Damage    Failure   Level
 Arcjolt                  Conj/Air       34%        1d44      8%          5
 Dazzling Flash           Conj/Hex       100%       N/A       1%          3
 Hailstorm                Conj/Ice       69%        3d14      1%          3
 Flame Wave               Conj/Fire      100%       2d21      1%          4
 Sticky Flame             Conj/Fire      100%       2d11      1%          4
 Inner Flame              Hex/Fire       73%        N/A       2%          3
 Mephitic Cloud           Conj/Pois/Air  58%        N/A       2%          3
 Fulminant Prism          Conj/Hex       34%        3d15      3%          4
 Freeze                   Ice            100%       1d10      5%          1
 Frozen Ramparts          Ice            56%        1d9       16%         3
 Slow                     Hex            100%       N/A       19%         1
 Call Imp                 Summ           56%        N/A       28%         2
 Confusing Touch          Hex            28%        N/A       50%         3
 Vampiric Draining        Necr           28%        2d8       50%         3
 Lee's Rapid Deconstruct  Erth           14%        3d9*      75%         5
 Animate Dead             Necr           28%        N/A       88%         4
 Ice Form                 Ice/Tmut       28%        N/A       88%         4
 Leda's Liquefaction      Hex/Erth       14%        N/A       88%         4
 Agony                    Necr           28%        N/A       99%         5
 Borgnjor's Vile Clutch   Necr/Erth      14%        N/A       99%         5
 Silence                  Hex/Air        14%        N/A       99%         5
 Death Channel            Necr           14%        N/A       100%        6
 Simulacrum               Ice/Necr       14%        N/A       100%        6
 Statue Form              Tmut/Erth      18%        N/A       100%        6


Dungeon Overview and Level Annotations

Branches:
Dungeon (14/15)            Temple (1/1) D:5            Lair (5/5) D:10
 Shoals (2/4) Lair:2       Spider (0/4) Lair:3        Slime (0/5) Lair:4
    Orc (0/2) D:11         Vaults (0/5) D:14          IceCv (visited)

Altars:
Ashenzari
Cheibriados
Dithmenos
Elyvilon
Fedhas
Gozag
Hepliaklqana
Kikubaaqudgha
Makhleb
Nemelex Xobeh
Okawaru
Qazlal
Ru
Sif Muna
Trog
Uskayaw
Vehumet
Wu Jian
Xom
Yredelemnul
Zin
The Shining One
Jiyva
Lugonu

Shops:
D:2 (   D:5 =   D:8 !   D:9 !   D:12 =?

Portals:
Abyss: Lair:5

Annotations:
D:6 3 runed translucent doors, mnelsen79's ghost, novice MiFi


Innate Abilities, Weirdness & Mutations

Your magical capacity is low. (-10% MP)


Message History

The air twists around and strikes you! You block the wind drake's attack.
The wind drake flaps its wings at you. The air twists around and strikes you!
The wind drake exhales a fierce blast of wind!
You are knocked back by the gust of wind.
Found 8 stones.
Found a pair of gloves.
You feel your willpower return.
A skyshark comes into view. 2 fauns come into view.
The faun shouts!
You hear a shout!
The faun gestures at you while chanting.
You resist with almost no effort.
A faun comes into view. It is wielding a +0 spear.
The faun shouts!
The faun unwields a +0 spear.
The faun wields a +0 sling.
The faun shoots a sling bullet.
The sling bullet hits you!!
* * * LOW HITPOINT WARNING * * *
Unknown command.
You feel better.
The faun gestures at you while chanting.
Your willpower is stripped away!
The faun unwields a +0 club.
The faun wields a +0 sling.
The faun shoots a sling bullet.
The sling bullet barely misses you.
The faun shoots a sling bullet.
The sling bullet hits you!
* * * LOW HITPOINT WARNING * * *
The faun unwields a +0 spear.
The faun wields a +0 sling.
The faun shoots a sling bullet.
The sling bullet hits you!
* * * LOW HITPOINT WARNING * * *
There is an escape hatch in the ceiling, spattered with blood here.
Unknown command.
You feel better.
The faun shoots a sling bullet.
The sling bullet misses you.
The wind drake exhales a fierce blast of wind!
You are knocked back by the gust of wind.
A faun comes into view. It is wielding a +0 spear.
The faun moves out of view.
You feel better. The wind drake flaps its wings at you.
The air twists around and strikes you!!
You die...

~~...###.#*,,,~..,~~~~~~~~~~~~~~~
~...## #.###....~~~~~~~≈~~~~~~~~~
~.k#####...~...[...,~~~≈~~~~~~~~~
..t###...~.~~≈≈≈≈.#...~~~~~~~~~~~
......!.~~....~≈≈.#...~~~~~~~~~~~
~.......~~.....≈≈≈....~~~~~~~~~~~
~...###.....#...?l....~~~~~~~~~~~
....# #....t##.......~~~~~~~~~~~~
#...###...~.....@~~.~~~≈~~~~~~~~~
###......~~~.<.~~~~~~~~≈~~~~~~~~~
*#(......~k~~~~~~~~~~~~~~~~~~~~~~
.[..~~~~~~~~~~~~~~~...~~~~~~~~~~~
....~..~~~~~~~~~c~~..~PP~~~~~~~~~
...~..~~~~~~~..~c~~~.~~P~~~~~~~~~
~~~.....~~~.#..~~~...~~P~~~~~~~~~
~~.........##...~c.~~.P.,,~~~~~~~
~~..~~.........~PP..#,~,,,~~~~~~~


You could see an alligator snapping turtle, a skyshark, a wind drake (repels
missiles) and 3 fauns.

Vanquished Creatures
  Kirke (D:12)
  2 frost giants
  Nessos (Lair:3)
  Snorg (Lair:4)
  A merfolk javelineer (Shoals:2)
  Josephine (Lair:4)
  3 catoblepae (Lair:5)
  7 hydras
  5 two-headed ogres
  3 centaur warriors
  3 boulder beetles
  2 tengu warriors
  Urug (D:11)
  10 death yaks
  Nergalle (D:11)
  2 skysharks
  3 skeletal warriors (D:14)
  Pikel (D:6)
  A deep elf pyromancer (D:14)
  4 harpies
  An oklob plant (Lair:2)
  2 ugly things
  2 manticores (Lair:5)
  2 cyclopes
  11 elephants (Lair:4)
  4 black mambas
  A water nymph (Shoals:2)
  An ice statue (IceCv)
  2 gargoyles
  10 cane toads
  An unseen horror (D:13)
  2 kobold demonologists
  A komodo dragon (shapeshifter) (D:14)
  3 rime drakes
  8 komodo dragons
  A tengu conjurer (D:9)
  5 merfolk
  13 polar bears
  A queen bee (Lair:2)
  A tarantella (shapeshifter) (D:14)
  4 trolls
  A hornet (D:9)
  10 blink frogs
  3 snapping turtles
  A water elemental (Shoals:2)
  7 wraiths
  3 slime creatures (D:14)
  A vampire (D:11)
  A shadow (D:9)
  52 yaks
  Eustachio (D:6)
  3 basilisks
  A hog (D:12)
  A redback (Lair:3)
  10 vampire mosquitoes
  3 acid dragons
  10 water moccasins
  8 black bears
  A black bear (shapeshifter) (D:9)
  3 orc warriors
  4 sky beasts
  An ice beast (D:7)
  21 wolves
  An ogre (D:6)
  12 centaurs
  4 lemures (D:6)
  5 kobold brigands
  2 phantoms (D:6)
  8 bullfrogs
  A gnoll sergeant (D:9)
  A scorpion (D:5)
  A cane toad simulacrum (Lair:4)
  18 wights
  35 killer bees
  4 howler monkeys
  2 hounds
  A jelly (D:7)
  5 orc priests
  3 sleepcaps (D:6)
  2 gnoll boudas
  8 orc wizards
  2 iguanas (D:5)
  7 hell rats (Lair:3)
  2 polar bear simulacra (Lair:4)
  13 gnolls
  10 adders
  A white imp (D:6)
  2 ufetubi
  6 worms
  2 dart slugs
  36 orcs
  8 endoplasms
  6 giant cockroaches
  5 goblins
  7 hobgoblins
  3 jackals (D:1)
  4 quokkas
  11 ball pythons
  3 bats
  A frilled lizard (D:2)
  13 kobolds
  9 rats
  A spectral orc (D:12)
  A butterfly (Lair:2)
  A lurking horror (Lair:5)
542 creatures vanquished.

Vanquished Creatures (others)
  4 humans (D:12)
  A howler monkey (D:12)
5 creatures vanquished.

Grand Total: 547 creatures vanquished

Notes
Turn   | Place    | Note
-------+----------+-------------------------------------------
     0 | D:1      | Moonkey the Deep Elf Conjurer began the quest for the Orb.
     0 | D:1      | Reached XP level 1. HP: 10/10 MP: 6/6
     1 | D:1      | Found a runed translucent door.
   288 | D:1      | Reached XP level 2. HP: 16/16 MP: 4/8
   849 | D:1      | Learned a level 2 spell: Searing Ray
   901 | D:2      | Reached XP level 3. HP: 20/20 MP: 3/10
   914 | D:1      | Reached skill level 1 in Fighting
  1047 | D:2      | Found Ofytt's Antique Weapon Emporium.
  1166 | D:2      | Reached skill level 4 in Spellcasting
  1308 | D:2      | Reached skill level 5 in Conjurations
  1308 | D:2      | Reached XP level 4. HP: 22/25 MP: 6/12
  2218 | D:3      | Reached XP level 5. HP: 29/29 MP: 11/13
  2239 | D:3      | Learned a level 4 spell: Iskenderun's Mystic Blast
  3200 | D:4      | Noticed a sky beast
  3228 | D:4      | Killed a sky beast
  3229 | D:4      | Reached skill level 1 in Translocations
  3229 | D:4      | Reached XP level 6. HP: 25/35 MP: 2/15
  3533 | D:4      | Reached skill level 5 in Spellcasting
  4300 | D:5      | Entered Level 5 of the Dungeon
  4507 | D:5      | Found a staircase to the Ecumenical Temple.
  4571 | Temple   | Entered the Ecumenical Temple
  4617 | Temple   | Became a worshipper of Vehumet
  4734 | D:5      | Reached XP level 7. HP: 40/40 MP: 9/17
  5018 | D:5      | Found a shimmering altar of Xom.
  5321 | D:5      | Found Pixtaimn's Jewellery Shop.
  5772 | D:5      | Reached skill level 6 in Spellcasting
  5844 | D:5      | Found an ornate altar of the Wu Jian Council.
  6234 | D:6      | Noticed Pikel
  6547 | D:6      | Reached XP level 8. HP: 46/46 MP: 10/19
  6555 | D:6      | Reached * piety under Vehumet
  6555 | D:6      | Offered knowledge of Freeze by Vehumet.
  7010 | D:6      | Noticed Eustachio
  7054 | D:6      | Killed Eustachio
  7055 | D:6      | Reached skill level 5 in Stealth
  7055 | D:6      | Reached skill level 7 in Spellcasting
  7181 | D:6      | Found a runed translucent gate.
  7181 | D:6      | Found a runed translucent gate.
  7181 | D:6      | Found a runed translucent gate.
  7192 | D:6      | Killed Pikel
  7193 | D:6      | Reached skill level 5 in Dodging
  7193 | D:6      | Reached skill level 5 in Translocations
  7193 | D:6      | Reached XP level 9. HP: 46/52 MP: 7/22
  7258 | D:6      | Noticed mnelsen79's ghost (novice MiFi)
  7314 | D:6      | Noticed a kobold demonologist
  7766 | D:7      | Reached skill level 8 in Spellcasting
  8930 | D:7      | Reached ** piety under Vehumet
  8930 | D:7      | Offered knowledge of Poisonous Vapours by Vehumet.
  9472 | D:8      | Noticed a two-headed ogre
  9582 | D:8      | Reached skill level 5 in Fighting
  9823 | D:8      | Killed a two-headed ogre
  9824 | D:8      | Reached skill level 9 in Spellcasting
  9824 | D:8      | Reached XP level 10. HP: 40/59 MP: 12/25
  9934 | D:8      | Found Hygaeqev's Distillery.
  9937 | D:8      | Bought a potion of heal wounds for 60 gold pieces
  9937 | D:8      | Bought a potion of haste for 120 gold pieces
  9937 | D:8      | Bought a potion of mutation for 96 gold pieces
  9937 | D:8      | Bought a potion of cancellation for 96 gold pieces
  9937 | D:8      | Bought a potion of curing for 36 gold pieces
 10213 | D:8      | Found a broken altar of Ashenzari.
 10487 | D:9      | Identified the +10 spear of the Equator {flame, Contam
                  | +Blink rN+ Int+3}
 10825 | D:9      | Noticed a cyclops
 11307 | D:9      | Reached skill level 10 in Spellcasting
 11444 | D:9      | Noticed a black mamba
 12449 | D:9      | Offered knowledge of Volatile Blastmotes by Vehumet.
 12559 | D:9      | HP: 2/61 [cyclops/large rock (32)]
 12783 | D:9      | Found Fegiw's Distillery.
 12885 | D:9      | Reached *** piety under Vehumet
 12889 | D:9      | Reached XP level 11. HP: 66/66 MP: 18/27
 13039 | D:9      | Bought a potion of heal wounds for 75 gold pieces
 13039 | D:9      | Bought a potion of lignification for 45 gold pieces
 13039 | D:9      | Bought a potion of flight for 45 gold pieces
 13547 | D:9      | Reached skill level 1 in Armour
 13547 | D:9      | Reached skill level 10 in Conjurations
 13719 | D:9      | Upgraded the game from 0.31-a0-16-g6d2539766c to
                  | 0.31-a0-18-gea43df2a32
 13755 | D:10     | Entered Level 10 of the Dungeon
 13773 | D:10     | Reached skill level 11 in Spellcasting
 13884 | D:10     | Offered knowledge of Ignite Poison by Vehumet.
 14395 | D:10     | Found a staircase to the Lair.
 14982 | D:11     | Found a staircase to the Orcish Mines.
 15052 | D:11     | Noticed a two-headed ogre
 15118 | D:11     | Killed a two-headed ogre
 15235 | D:11     | Noticed Nergalle
 15242 | D:11     | Killed Nergalle
 15421 | D:11     | Noticed a two-headed ogre
 15430 | D:11     | Killed a two-headed ogre
 15607 | D:11     | Noticed Urug
 15671 | D:11     | Paralysed by Urug for 4 turns
 15678 | D:11     | Killed Urug
 15903 | D:11     | Noticed a red ugly thing
 15913 | D:11     | Killed a red ugly thing
 16035 | D:11     | Reached skill level 12 in Spellcasting
 16326 | D:12     | Found Sylunobe's Jewellery Shop.
 16327 | D:12     | Found Bubao's Magic Scroll Shoppe.
 16340 | D:12     | Bought a scroll of identify for 30 gold pieces
 16340 | D:12     | Bought a scroll of identify for 30 gold pieces
 16340 | D:12     | Bought a scroll of identify for 30 gold pieces
 16476 | D:12     | Found a basalt altar of Yredelemnul.
 16671 | D:12     | Noticed a two-headed ogre
 16678 | D:12     | Killed a two-headed ogre
 16809 | D:12     | Noticed Kirke
 16815 | D:12     | Killed Kirke
 16816 | D:12     | Reached XP level 12. HP: 72/72 MP: 16/30
 16879 | D:12     | Noticed a two-headed ogre
 16884 | D:12     | Killed a two-headed ogre
 17194 | D:13     | Noticed a four-headed hydra
 17207 | D:13     | Killed a four-headed hydra
 17537 | D:13     | Reached **** piety under Vehumet
 17591 | D:13     | Noticed a boulder beetle
 17649 | D:13     | Noticed a centaur warrior
 17653 | D:13     | Offered knowledge of Fireball by Vehumet.
 17701 | D:12     | Learned a level 5 spell: Fireball
 17797 | D:13     | Noticed a centaur warrior
 17803 | D:13     | Killed a centaur warrior
 18050 | D:13     | Reached skill level 1 in Fire Magic
 18110 | D:13     | Noticed a tengu warrior
 18119 | D:13     | Killed a tengu warrior
 18336 | D:13     | Noticed a frost giant
 18616 | D:13     | Killed a frost giant
 18811 | D:13     | Killed a boulder beetle
 19020 | D:13     | Killed a centaur warrior
 19187 | D:14     | Reached skill level 13 in Spellcasting
 19290 | D:14     | Noticed a boulder beetle
 19641 | D:14     | Noticed a tengu warrior
 19714 | D:14     | Killed a tengu warrior
 19891 | D:14     | Killed a boulder beetle
 19892 | D:14     | Reached skill level 5 in Armour
 20141 | D:14     | Reached XP level 13. HP: 79/79 MP: 12/32
 20950 | D:14     | Found a gate to the Vaults.
 21155 | Lair:1   | Entered Level 1 of the Lair of Beasts
 22739 | Lair:2   | Reached skill level 10 in Stealth
 22739 | Lair:2   | Reached skill level 5 in Fire Magic
 22902 | Lair:2   | Found a staircase to the Shoals.
 22999 | Lair:2   | Reached ***** piety under Vehumet
 23215 | Lair:2   | Offered knowledge of Iron Shot by Vehumet.
 23368 | Lair:2   | Reached skill level 14 in Spellcasting
 24249 | Lair:3   | Noticed Nessos
 24252 | Lair:3   | Killed Nessos
 24860 | Lair:3   | Found a hole to the Spider Nest.
 25775 | Lair:4   | Noticed Snorg
 25961 | Lair:4   | Noticed Josephine
 26004 | Lair:4   | Killed Josephine
 26005 | Lair:4   | Reached XP level 14. HP: 55/86 MP: 5/34
 26059 | Lair:4   | Found a frozen archway.
 26171 | IceCv    | Entered an ice cave
 26423 | IceCv    | Offered knowledge of Ozocubu's Refrigeration by Vehumet.
 26771 | IceCv    | Noticed a frost giant
 26781 | IceCv    | Killed a frost giant
 26928 | IceCv    | Identified the ring "Wedolees" {Fly rF+ Will+}
 27004 | IceCv    | Reached skill level 10 in Dodging
 27681 | Lair:4   | Killed Snorg
 27682 | Lair:4   | Reached skill level 15 in Spellcasting
 28870 | Lair:4   | Found a viscous altar of Jiyva.
 28872 | Lair:4   | Found a staircase to the Slime Pits.
 28976 | Lair:5   | Entered Level 5 of the Lair of Beasts
 29225 | Lair:5   | Offered knowledge of Arcjolt by Vehumet.
 29991 | Lair:5   | Found a one-way gate to the infinite horrors of the Abyss.
 29996 | Lair:5   | Found a corrupted altar of Lugonu.
 30276 | Lair:5   | Reached skill level 10 in Fighting
 31328 | Lair:5   | Reached skill level 1 in Shields
 31518 | Lair:5   | Identified a scroll of acquirement
 31519 | Lair:5   | Acquired the staff of fire "Nadwiymp" {rF+ rC+ Dex+3 SInv}
 31529 | Lair:5   | Gained mutation: Your magical capacity is low. (-10% MP)
                  | [mutagenic glow]
 31732 | Lair:1   | Upgraded the game from 0.31-a0-18-gea43df2a32 to
                  | 0.31-a0-23-gcbde74481b
 31802 | Shoals:1 | Entered Level 1 of the Shoals
 31997 | Shoals:1 | You are sucked into a shaft and drop 1 floor!
 32056 | Shoals:2 | Reached XP level 15. HP: 92/92 MP: 25/33
 32412 | Shoals:2 | HP: 3/92 [faun/sling bullet (8)]
 32414 | Shoals:2 | Killed from afar by a wind drake

Illustrated notes

Levels and vault maps discovered:
D:1:      dpeg_arrival_caged_fury, layout_basic
D:2:      layout_basic, serial_shops, nicolae_shop_rolling_square
D:3:      layout_basic
D:4:      minmay_angry_zag, layout_gridville, kennysheep_another_room
D:5:      layout_loops_ring, nicolae_wu_jian_glorious_leap,
          amcnicky_altar_gilded, minmay_temple_entry_junction, serial_shops,
          nicolae_shop_just_a_little_nook
D:6:      layout_cave_pools, gammafunk_ghost_nasty_kobolds,
          kennysheep_small_circle, uniq_eustachio, uniq_pikel
D:7:      layout_basic, chequers_serial_rivers_small_3, chequers_mini_garden,
          serial_bayou_pond_d, kennysheep_generic_room_11
D:8:      layout_rooms, mainiacjoe_overflow_alcove_2, serial_shops,
          nicolae_shop_real_fake_doors
D:9:      cheibrodos_ideogram_h, layout_cave_pools, serial_shops, shop
D:10:     layout_long_grid, lair_entry_dummy
D:11:     layout_loops_ring, orc_0_dummy, uniq_urug, uniq_nergalle
D:12:     layout_roguey, serial_shops, shop, shop,
          yredelemnul_forgotten_temple_becter, uniq_kirke
D:13:     layout_basic, kennysheep_just_a_vault
D:14:     layout_irregular_city, david_vaults_2
Temple:   hellmonk_temple_of_storms
Lair:1:   layout_regular_city, lemuel_fruit_fields
Lair:2:   beast_lair_carwin_large_3, layout_loops_ring,
          nicolae_shoals_entry_roost, special_room [special_room_bee],
          evilmike_ambush [evilmike_ambush_outer_basic,
          evilmike_ambush_inner_pond], lemuel_fruit_fields
Lair:3:   layout_misc_corridors, spider_nest_entry_webs, serial_forest,
          infiniplex_forest_clump_diagonal, infiniplex_forest_end_2,
          infiniplex_forest_straight_5, infiniplex_forest_lined_room_3,
          infiniplex_forest_clump_large, infiniplex_forest_clump_medium,
          infiniplex_forest_clump_tiny, infiniplex_forest_clump_double,
          infiniplex_forest_lined_1, infiniplex_forest_clump_C,
          nicolae_quartered_pool_impasse, infiniplex_staircase_pool, uniq_nessos
Lair:4:   layout_gridlike, dpeg_slime_entry_corner,
          portal_ice_cave_entry_ice_simulacra, uniq_snorg, uniq_josephine
Lair:5:   evilmike_catoblepas_cave, layout_misc_corridors,
          amcnicky_altar_lugonu_corruption
Shoals:1: layout_shoals
Shoals:2: gammafunk_sealed_arena, layout_shoals, nicolae_shoals_elemental_ambush

Skill      XL: |  1  2  3  4  5  6  7  8  9 10 11 12 13 14 |
---------------+-------------------------------------------+-----
Fighting       | 1 2 3 4 5 6 7 8 9 10 | 10.2
Spellcasting   | 4 5 6 7 9 10 12 13 14 15 | 15.6
Dodging        | 3 4 5 7 8 9 10 | 10.5
Stealth        | 3 4 5 6 7 8 9 10 11 | 11.3
Conjurations   | 5 6 7 8 9 11 12 13 | 13.9
Translocations | 1 2 3 5 6 7 |  7.0
Armour         | 3 5 6 7 |  7.6
Fire Magic     | 3 6 8 |  8.2
Shields        | 1 |  1.5

Action                     |  1- 3 |  4- 6 |  7- 9 | 10-12 | 13-15 || total
---------------------------+-------+-------+-------+-------+-------++-------
  Melee: Unarmed           |       |     1 |       |       |       ||     1
         Spear             |       |       |       |       |     1 ||     1
         Staff             |       |       |       |       |     1 ||     1
   Cast: Magic Dart        |    67 |    98 |   152 |   171 |     1 ||   489
         Searing Ray       |     2 |    15 |    62 |    79 |     2 ||   160
         Iskenderun's Myst |       |     2 |     9 |   115 |   154 ||   280
         Fireball          |       |       |       |    57 |   272 ||   329
  Evoke: Wand              |       |       |       |       |     1 ||     1
    Use: Potion            |       |       |       |     3 |    12 ||    15
         Scroll            |       |       |       |    20 |    12 ||    32
 Armour: Robe              |     3 |     1 |     7 |     6 |    14 ||    31
         Troll leather arm |       |       |       |     8 |     5 ||    13
  Dodge: Dodged            |     7 |    11 |    29 |    61 |    65 ||   173
  Block: Other             |       |     5 |    19 |    21 |    17 ||    62
         Reflection        |       |     2 |     5 |    10 |     7 ||    24
         Kite shield       |       |       |       |       |    10 ||    10

Table legend: (Time is in decaauts)
 A = Elapsed time spent in this place.
 B = Non-inter-level travel time spent in this place.
 C = Inter-level travel time spent in this place.
 D = Time resting spent in this place.
 E = Time spent auto-exploring this place.
 F = Levels seen in this place.
 G = Mean time per level.
                   A        B        C        D        E       F      G
               +--------+--------+--------+--------+--------+-----+--------+
         Total |  32460 |  30784 |   1676 |  14469 |  12296 |  23 | 1411.3 |
       Dungeon |  21131 |  20101 |   1030 |   9163 |   8430 |  14 | 1509.4 |
        Temple |     55 |     34 |     21 |      0 |     18 |   1 |   55.0 |
          Lair |   9352 |   8770 |    582 |   4322 |   3443 |   5 | 1870.4 |
        Shoals |    592 |    550 |     42 |    341 |     22 |   2 |  296.0 |
      Ice Cave |   1328 |   1328 |      0 |    643 |    382 |   1 | 1328.0 |
               +--------+--------+--------+--------+--------+-----+--------+

Top non-repeatable levels by time:
    D:13: 2400 daAuts
     D:8: 2392 daAuts
  Lair:4: 2206 daAuts
  Lair:3: 2073 daAuts
  Lair:2: 1976 daAuts
     D:9: 1918 daAuts
  Lair:5: 1779 daAuts
     D:7: 1755 daAuts
     D:5: 1684 daAuts
    D:14: 1418 daAuts
     D:6: 1392 daAuts
    D:10: 1334 daAuts
   IceCv: 1328 daAuts
  Lair:1: 1316 daAuts
     D:4: 1289 daAuts
